AoeStats
← CinderCloud

MegaRandom

508332232Analyzed
4v4 RM · 10d ago on Sep 22, 2026· 49m 2s· 8 players
Game mode
Random Map
Map size
Large (8 player)
Population
200
Speed
Normal
Resources
Standard
Victory
Conquest
Starting age
Dark Age
Ending age
Imperial Age
RankedLock teamsTeams togetherTeam positionsShared explorationLock speedFull tech treeHidden civsTurbo modeCheats
Victory
Defeat
🇩🇪 Magyars · Germany
1298
+9
🇩🇪 Maya · Germany
1255
+11
1244
+11
🇺🇸 Hindustanis · United States
1144
+15
1260
-16
🇦🇷 Italians · Argentina
1148
-12
🇦🇷 Vietnamese · Argentina
1104
-10
🇦🇷 Persians · Argentina
1037
-8
CinderCloud
0:42 Loom
5:57 Feudal Age
7:06 Double-Bit Axe
10:12 Bloodlines
10:22 Forging
11:47 Scale Barding Armor
12:15 Horse Collar
17:15 Castle Age
18:22 Husbandry
19:08 Iron Casting
18:54 Chain Barding Armor
23:04 Gold Mining
23:06 Stone Mining
28:40 Imperial Age
28:59 Heavy Camel Rider
30:43 Chemistry
33:43 Blast Furnace
35:15 Gold Shaft Mining
34:47 Grand Trunk Road
38:08 Imperial Camel Rider
39:34 Plate Barding Armor
40:03 Scale Mail Armor
45:04 Conscription
47:17 Siege Engineers
47:00 Siege Elephant
48:31 Fletching
48:41 Padded Archer Armor
49:15 Shatagni
Nahiru
8:16 Feudal Age
12:08 Castle Age
9:59 Double-Bit Axe
10:22 Fletching
10:33 Padded Archer Armor
12:44 Bodkin Arrow
13:05 Leather Archer Armor
13:49 Bow Saw
16:42 Thumb Ring
16:54 Fishing Lines
18:06 Wheelbarrow
18:57 Husbandry
21:09 Ballistics
20:43 Horse Collar
22:03 Hand Cart
22:43 Bloodlines
23:31 Heavy Plow
27:40 Imperial Age
26:20 Scale Barding Armor
28:29 Bracer
29:35 Chemistry
30:04 Parthian Tactics
29:37 Gold Mining
30:57 Ring Archer Armor
31:25 Heavy Cavalry Archer
33:59 Recurve Bow
36:35 Conscription
43:24 Town Watch
46:17 Chain Barding Armor
45:41 Elite Magyar Huszar
46:22 Corvinian Army
48:06 Plate Barding Armor
Starboii
4:53 Loom
8:23 Feudal Age
11:57 Double-Bit Axe
15:53 Castle Age
13:53 Arson
14:18 Stone Mining
18:48 Wheelbarrow
17:44 Eagle Warrior
18:25 Squires
18:35 Gold Mining
19:21 Stone Shaft Mining
20:39 Fletching
21:14 Bow Saw
22:36 Hand Cart
24:33 Horse Collar
25:46 Heavy Plow
29:58 Imperial Age
29:43 Forging
29:37 Scale Mail Armor
30:43 Elite Eagle Warrior
35:03 Iron Casting
34:47 Capped Ram
37:16 Chain Mail Armor
38:42 Blast Furnace
39:18 Pikeman
40:04 Siege Ram
40:52 Halberdier
42:46 Holcans
FC_Proyecto_El_Conquistador_X
6:26 Loom
8:18 Feudal Age
13:18 Castle Age
14:13 Double-Bit Axe
14:11 Horse Collar
27:57 Imperial Age
25:54 Heavy Plow
26:11 Bow Saw
26:39 Gold Mining
27:55 Wheelbarrow
27:06 Town Watch
28:14 Fletching
28:25 Padded Archer Armor
29:32 Conscription
30:37 Elite Skirmisher
31:13 Bodkin Arrow
32:10 Ballistics
32:51 Chemistry
32:20 Masonry
32:25 Bracer
34:28 Leather Archer Armor
34:54 Scale Barding Armor
35:00 Forging
35:37 Light Cavalry
36:27 Bloodlines
36:12 Hussar
37:14 Chain Barding Armor
37:30 Iron Casting
37:25 Ring Archer Armor
37:18 Cavalier
38:08 Husbandry
38:24 Paladin
42:31 Plate Barding Armor
42:57 Blast Furnace
42:34 Coinage
42:11 Caravan
Campera de Pluma de Elite
8:31 Feudal Age
8:23 Loom
9:48 Double-Bit Axe
12:25 Castle Age
14:34 Bow Saw
15:52 Husbandry
16:03 Horse Collar
19:11 Wheelbarrow
18:46 Fishing Lines
19:57 Gillnets
20:41 Scale Barding Armor
22:41 Chain Barding Armor
23:31 Hand Cart
23:47 Fletching
27:31 Bodkin Arrow
31:12 Imperial Age
29:09 Forging
29:40 Stone Mining
30:00 Heavy Plow
32:17 Ballistics
32:34 Plate Barding Armor
31:21 Elite Leitis
32:22 Conscription
32:25 Gold Mining
32:55 Hill Forts
33:31 Hoardings
35:08 Chemistry
34:53 Iron Casting
33:58 Capped Ram
35:00 Town Watch
35:54 Stone Shaft Mining
35:33 Bloodlines
36:45 Masonry
36:16 Light Cavalry
36:57 Winged Hussar
38:36 Coinage
40:02 Bracer
40:18 Caravan
40:49 Banking
41:48 Scale Mail Armor
42:54 Chain Mail Armor
45:47 Squires
45:08 Pikeman
45:55 Tower Shields
45:49 Halberdier
46:23 Arson
Dedo de Gomero de Elite
8:17 Feudal Age
13:29 Castle Age
11:42 Double-Bit Axe
14:18 Scale Barding Armor
14:24 Forging
14:47 Bloodlines
16:12 Husbandry
20:05 Horse Collar
24:59 Wheelbarrow
27:05 Imperial Age
27:44 Chain Barding Armor
28:00 Iron Casting
27:50 Hand Cart
28:19 Conscription
28:02 Heavy Plow
28:05 Heavy Camel Rider
29:02 Cavalier
32:51 Savar
34:35 Plate Barding Armor
Doraso Troncoso de Elite
0:45 Loom
8:15 Feudal Age
8:54 Double-Bit Axe
14:17 Castle Age
15:06 Crossbowman
18:43 Loom
22:39 Fletching
22:50 Padded Archer Armor
24:53 Ballistics
27:57 Imperial Age
25:49 Fishing Lines
26:50 Treadmill Crane
27:45 Leather Archer Armor
29:44 Gold Mining
30:58 Chemistry
32:28 Masonry
32:57 Hoardings
33:38 Murder Holes
33:54 Bodkin Arrow
34:30 Ring Archer Armor
34:28 Arbalester
38:37 Bracer
44:03 Squires
45:22 Forging
45:13 Scale Mail Armor
48:16 Conscription
48:08 Stone Mining
Patovic
5:34 Loom
7:37 Feudal Age
8:38 Double-Bit Axe
9:14 Town Watch
11:11 Wheelbarrow
10:50 Fletching
13:03 Castle Age
11:58 Stone Mining
13:00 Wheelbarrow
14:22 Bodkin Arrow
15:03 Thumb Ring
16:26 Hand Cart
16:54 Padded Archer Armor
17:14 Bow Saw
17:28 Gold Mining
19:59 Horse Collar
20:29 Fishing Lines
22:31 Ballistics
22:24 Gillnets
28:38 Imperial Age
28:14 Leather Archer Armor
28:30 Murder Holes
29:44 Paper Money
29:34 Bracer
31:10 Chemistry
32:28 Elite Fire Lancer
33:10 Squires
33:09 Arson
35:02 Forging
35:18 Pikeman
46:36 Town Patrol
Connection lost

Rejoining the realm…

Still unreachable

The connection could not be restored.

Session expired

The server has moved on; the page needs a fresh start.